 Dungeon Crawl Stone Soup version 0.26-a0-597-gb535b0901c (webtiles) character file.

Game seed: 10760343347030490629

10 ANON1729 the Cutter (level 2, -2/22 HPs)
             Began as a Demonspawn Wanderer on Aug 25, 2020.
             Slain by a goblin
             ... wielding a +0 dagger
              (4 damage)
             ... on level 1 of the Dungeon.
             The game lasted 00:01:17 (103 turns).

ANON1729 the Cutter (Demonspawn Wanderer)            Turns: 103, Time: 00:01:17

Health: -2/22      AC:  4    Str: 13    XL:     2   Next: 10%
Magic:  3/3        EV: 11    Int: 13    God:
Gold:   0          SH:  0    Dex: 11    Spells: 2/3 levels left

rFire    . . .     SeeInvis .   b - +1 mace (protect)
rCold    . . .     Faith    .   (no shield)
rNeg     . . .     Spirit   .   d - +0 robe
rPois    .         Reflect  .   f - +1 helmet
rElec    .         Harm     .   (no cloak)
rCorr    .                      (no gloves)
MR       .....                  (no boots)
Stlth    ++........             (no amulet)
HPRegen  0.07/turn              (no ring)
MPRegen  0.08/turn              (no ring)

@: no status effects
A: powered by death 1
a: no special abilities


You were on level 1 of the Dungeon.
You visited 1 branch of the dungeon, and saw 1 of its levels.

Inventory:

Hand Weapons
 a - a +0 short sword
 b - a +1 mace of protection (weapon)
Armour
 d - a +0 robe (worn)
 f - a +1 helmet (worn)
Scrolls
 e - a scroll of immolation {unknown}
 g - a scroll of magic mapping {unknown}


   Skills:
 + Level 2.1 Fighting
 + Level 2.8 Short Blades
 + Level 1.2 Throwing
 + Level 1.2 Stealth
 + Level 1.2 Spellcasting
   Level 2.1 Necromancy


You had 2 spell levels left.
You knew the following spells:

 Your Spells              Type           Power        Failure   Level
a - Magic Dart            Conj           #...         28%         1

Your spell library contained the following spells:

 Spells                   Type           Power        Failure   Level
 Blink                    Tloc           N/A          38%         2
 Call Imp                 Summ           #.......     38%         2
 Slow                     Hex            #.......     38%         2
 Conjure Flame            Conj/Fire      #.......     63%         3
 Mephitic Cloud           Conj/Pois/Air  #.......     63%         3


Dungeon Overview and Level Annotations

Branches:
Dungeon (1/15)

Altars:


Innate Abilities, Weirdness & Mutations

You regenerate a little health from kills.


Message History

The bat hits you but does no damage. The kobold closely misses you.
The goblin barely misses you.
You barely miss the goblin.
The goblin is severely wounded.
The bat hits you but does no damage. The kobold hits you with a +0 whip.
* * * LOW HITPOINT WARNING * * *
The goblin closely misses you. The dart slug misses you.
The kobold barely misses you. The goblin hits you but does no damage.
You barely miss the goblin.
The goblin is heavily wounded.
The kobold hits you with a +0 whip.
* * * LOW HITPOINT WARNING * * *
The goblin hits you but does no damage. The dart slug barely misses you.
The bat barely misses you.
You barely miss the goblin.
The goblin is heavily wounded.
The bat hits you.
* * * LOW HITPOINT WARNING * * *
The kobold misses you. The goblin hits you with a +0 dagger.
You die...

##[..... .......# #...[.#
#.....# ######## #.J...#
#..K@..# #.....###..gw..#
.#.#....>....)....##
................b....+
.J.####.............###
......>.............#
.............##.....###...###.#
#+#.....###...................#
+.....# #...................#


You could see a dart slug, a goblin, a bat and a kobold.

Vanquished Creatures
  An ooze (D:1)
  A bat (D:1)
  A giant cockroach (D:1)
  2 hobgoblins (D:1)
5 creatures vanquished.

Notes
Turn   | Place    | Note
-------+----------+-------------------------------------------
     0 | D:1      | ANON1729 the Demonspawn Wanderer began the quest for the
                  | Orb.
     0 | D:1      | ANON1729 set off with the following items: a +0 short
                  | sword, a potion of curing, a +0 robe; and the following
                  | spell memorised: Magic Dart; and the following spells
                  | available to memorise: Blink, Call Imp, Slow, Conjure
                  | Flame, Mephitic Cloud
     0 | D:1      | Reached XP level 1. HP: 16/16 MP: 2/2
    55 | D:1      | Gained mutation: You regenerate a little health from kills.
                  | [demonic ancestry]
    55 | D:1      | Reached XP level 2. HP: 5/22 MP: 3/3
    95 | D:1      | HP: 1/22 [kobold/+0 whip (5)]
   103 | D:1      | Slain by a goblin

Illustrated notes

Levels and vault maps discovered:
D:1:      dpeg_arrival_solitude, layout_basic

Action                   || total
-------------------------++-------
Melee: Mace              ||    24
       Short sword       ||     3
 Cast: Magic Dart        ||     2
  Use: Potion            ||     1
Armor: Robe              ||    23
Dodge: Dodged            ||    39

Table legend: (Time is in decaauts)
 A = Elapsed time spent in this place.
 B = Non-inter-level travel time spent in this place.
 C = Inter-level travel time spent in this place.
 D = Time resting spent in this place.
 E = Time spent auto-exploring this place.
 F = Levels seen in this place.
 G = Mean time per level.
                   A        B        C        D        E       F      G
               +--------+--------+--------+--------+--------+-----+--------+
         Total |    111 |    111 |      0 |      7 |      5 |   1 |  111.0 |
       Dungeon |    111 |    111 |      0 |      7 |      5 |   1 |  111.0 |
               +--------+--------+--------+--------+--------+-----+--------+

Top non-repeatable levels by time:
     D:1: 111 daAuts
